 Dungeon Crawl Stone Soup version 0.31-a0-692-gf03d1854d5 (webtiles) character file.

Game seed: 2080758946553869809

12 qw the Shooter (level 2, -1/17 HPs)
             Began as a Gargoyle Hunter on Sept 6, 2023.
             Slain by a hobgoblin (4 damage)
             ... on level 1 of the Dungeon.
             The game lasted 00:00:08 (205 turns).

qw the Shooter (Gargoyle Hunter)                     Turns: 205, Time: 00:00:08

Health: -1/17      AC:  5    Str: 14    XL:     2   Next: 33%
Magic:  2/2        EV: 11    Int:  9    God:
Gold:   9          SH:  0    Dex: 13    Spells: 1/1 levels left

rFire   . . .        a - +0 shortbow
rCold   . . .        (shield currently unavailable)
rNeg    + . .        c - +0 leather armour
rPois   inf          (no helmet)
rElec   +            (no cloak)
rCorr   .            (no gloves)
SInv    .            (no boots)
Will    .....        (no amulet)
Stlth   +            (no ring)
HPRegen 0.22/turn    (no ring)
MPRegen 0.08/turn

%: no passive effects
@: no status effects
A: sickness immunity, AC +2, negative energy resistance 1, electricity
resistance, torment resistance 1, petrification resistance
a: no special abilities


You were on level 1 of the Dungeon.
You visited 1 branch of the dungeon, and saw 1 of its levels.

You collected 9 gold pieces.


Innate Abilities, Weirdness & Mutations

You are immune to sickness and miasma.
Your stone body is resilient. (AC +2)
You are immune to poison.
You resist negative energy. (rN+)
You are resistant to electric shocks. (rElec)
You are resistant to unholy torment.
You are immune to petrification.


   Skills:
 - Level 2.1 Fighting
 + Level 4.5 Ranged Weapons
 - Level 1.5 Dodging
 - Level 1.1 Stealth


You had one spell level left.
You didn't know any spells.
Your spell library was empty.

Inventory:

Hand Weapons
 a - a +0 shortbow (weapon)
Armour
 c - a +0 leather armour (worn)
Scrolls
 b - a scroll of butterflies
 e - 3 scrolls of identify {unknown}
Potions
 d - a potion of degeneration {unknown}

Dungeon Overview and Level Annotations

Branches:
Dungeon (1/15)

Altars:


Message History

The arrow closely misses the ball python.
The hobgoblin misses you. The rat bites you but does no damage.
The rat barely misses you.
The ball python bites you but does no damage.
The ball python constricts you.
You shoot an arrow. The arrow hits the ball python.
You kill the ball python!
The hobgoblin hits you. The rat bites you but does no damage.
The rat bites you. The ball python closely misses you.
The ball python barely misses you.
You shoot an arrow.
The arrow closely misses the ball python.
The hobgoblin hits you but does no damage.
The rat bites you. The rat barely misses you.
The ball python bites you but does no damage.
The ball python grabs you. The ball python constricts you.
The hobgoblin closely misses you. The rat barely misses you. The rat bites you.
You shoot an arrow. The arrow hits the ball python!
You kill the ball python!
The hobgoblin barely misses you. The rat closely misses you.
The rat barely misses you.
You shoot an arrow.
The arrow completely misses the endoplasm.
The hobgoblin hits you but does no damage.
The rat bites you. The rat closely misses you.
The endoplasm hits you but does no damage.
You shoot an arrow. The arrow hits the endoplasm.
The endoplasm is moderately wounded.
The hobgoblin hits you. The rat bites you but does no damage.
The rat barely misses you.
The endoplasm hits you but does no damage.
You shoot an arrow. The arrow hits the endoplasm.
You kill the endoplasm!
The rat bites you but does no damage. The hobgoblin closely misses you.
The rat bites you but does no damage. The rat closely misses you.
The rat barely misses you. The hobgoblin hits you. The rat misses you.
You shoot an arrow. The arrow hits the hobgoblin.
The hobgoblin is almost dead.
The rat bites you but does no damage. The rat misses you.
The rat bites you but does no damage. The hobgoblin hits you.
You die...

#.#.####...# #..
#.#.# #...### #..
#.#.####.....### #..
#..).....)...... .
#..##.>....)...##.##
... #.......####.###
.#
....##.##........# #
#...).gr....######
......r@...##
##.###r##..# #. #..#
#. #..# .. #..# #.
#..# #. ... #. #..


You could see a hobgoblin and 3 rats.

Vanquished Creatures
  2 ball pythons (D:1)
  2 endoplasms (D:1)
  2 goblins (D:1)
  3 kobolds (D:1)
  A frilled lizard (D:1)
  A rat (D:1)
11 creatures vanquished.

Notes
Turn   | Place    | Note
-------+----------+-------------------------------------------
     0 | D:1      | qw the Gargoyle Hunter began the quest for the Orb.
     0 | D:1      | Reached XP level 1. HP: 12/12 MP: 1/1
     0 | D:1      | 0 ||| qw: Version: 0.3-a-76-g4403597
     0 | D:1      | 0 ||| qw: Game counter: 243
     0 | D:1      | 0 ||| qw: Melee chars always use a shield: true
     0 | D:1      | 0 ||| qw: God list: Okawaru
     0 | D:1      | 0 ||| qw: Allow faded altars: false
     0 | D:1      | 0 ||| qw: Do Orc after clearing Dungeon:15 true
     0 | D:1      | 0 ||| qw: Do second Lair branch before Depths: true
     0 | D:1      | 0 ||| qw: Lair rune preference: random
     0 | D:1      | 0 ||| qw: Goals: Normal
     0 | D:1      | 0 ||| PLANNING D:1-11
   146 | D:1      | Reached XP level 2. HP: 17/17 MP: 2/2
   204 | D:1      | HP: 2/17 [hobgoblin (3)]
   205 | D:1      | Slain by a hobgoblin

Levels and vault maps discovered:
D:1:      shiori_shiawase, layout_loops_ring,
          dreamdust_ecumenical_altar_sealed_demon, nrook_mini_backslash

Action                     || total
---------------------------++-------
   Fire: Shortbow          ||    45
 Armour: Leather armour    ||    43
  Dodge: Dodged            ||    34

Table legend:
 A = Non-vault XP
 B = Vault XP
 C = Vault XP percentage of total XP
 D = Non-vault monster count
 E = Vault monster count
 F = Vault count percentage of total count
                 A         B        C        D         E       F
            +---------+---------+-------+---------+---------+-------
      Total |      18 |       0 |   0.0 |      11 |       0 |   0.0
            +---------+---------+-------+---------+---------+-------
        D:1 |      18 |       0 |   0.0 |      11 |       0 |   0.0
            +---------+---------+-------+---------+---------+-------
